 Dungeon Crawl Stone Soup version 0.28-a0-21-gf74fda84f9 (webtiles) character file.

Game seed: 12995354142447909210

455 MovingMist the Skirmisher (level 7, -1/44 HPs)
             Began as a Gargoyle Fighter on July 27, 2021.
             Slain by an orc wizard (4 damage)
             ... on level 4 of the Dungeon.
             The game lasted 00:05:25 (3574 turns).

MovingMist the Skirmisher (Gargoyle Fighter)        Turns: 3574, Time: 00:05:25

Health: -1/44      AC: 14    Str: 20    XL:     7   Next: 5%
Magic:  7/7        EV:  8    Int:  8    God:
Gold:   25         SH:  0    Dex: 11    Spells: 6/6 levels left

rFire   . . .      SeeInvis .   a - +0 flail
rCold   . . .      Faith    .   c - +0 kite shield
rNeg    + . .      Spirit   .   b - +0 scale mail
rPois   ∞          Reflect  .   (no helmet)
rElec   +          Harm     .   m - +0 cloak
rCorr   .          Rampage  .   (no gloves)
Will    .....                   g - +0 pair of boots
Stlth   ..........              (no amulet)
HPRegen 0.14/turn               (no ring)
MPRegen 0.10/turn               (no ring)

@: confused
A: sickness immunity, AC +4, negative energy resistance 1, electricity
resistance, torment resistance 1, petrification resistance
a: no special abilities


You were on level 4 of the Dungeon.
You visited 1 branch of the dungeon, and saw 4 of its levels.

You collected 58 gold pieces.
You spent 33 gold pieces at shops.

Inventory:

Hand Weapons
 a - a +0 flail (weapon)
Armour
 b - a +0 scale mail (worn)
 c - a +0 kite shield (worn)
 g - a +0 pair of boots (worn)
 m - a +0 cloak (worn)
Scrolls
 f - a scroll of fear {unknown}
 h - a scroll of noise {unknown}
 i - a scroll of magic mapping {unknown}
 k - 3 scrolls of enchant weapon {unknown}
 p - a scroll of identify {unknown}
Potions
 d - a potion of might
 e - 3 potions of degeneration {unknown}
 j - a potion of heal wounds {unknown}
 l - a potion of mutation {unknown}
 n - a potion of invisibility {unknown}
 o - a potion of curing


   Skills:
 + Level 4.7 Fighting
 + Level 3.6 Maces & Flails
 + Level 4.7 Armour
 * Level 3.5 Dodging
 - Level 3.2 Shields


You had 6 spell levels left.
You didn't know any spells.
Your spell library contained the following spells:

 Spells                   Type           Power      Damage    Failure   Level
 Apportation              Tloc           0%         N/A       99%         1
 Olgreb's Toxic Radiance  Pois           0%         N/A       100%        4
 Alistair's Intoxication  Tmut/Pois      0%         N/A       100%        5
 Invisibility             Hex            0%         N/A       100%        6
 Ozocubu's Refrigeration  Ice            0%         4d5       100%        7
 Ignition                 Fire           0%         3d3       100%        8


Dungeon Overview and Level Annotations

Branches:
Dungeon (4/15)
 Temple: D:4-7

Altars:
Qazlal

Shops:
D:1 *[!=   D:3 !


Innate Abilities, Weirdness & Mutations

You are immune to sickness and miasma.
Your stone body is resilient. (AC +4)
You are immune to poison.
You resist negative energy. (rN+)
You are resistant to electric shocks. (rElec)
You are resistant to unholy torment.
You are immune to petrification.


Message History

You miss something. Something hits you but does no damage.
You miss something. You block something's attack.
You barely miss something.
Something hits you but does no damage. x2
You miss something. Something hits you but does no damage. Something hits you.
You miss something. Something hits you but does no damage.
You hit something but do no damage. Something hits you but does no damage.
You barely miss something.
Something hits you but does no damage. x2
Your shield prevents you from hitting something.
Something hits you but does no damage.
Your shield and scale mail prevent you from hitting something.
Something hits you but does no damage.
You hear some strange, mumbled words.
A magic dart appears from out of thin air!
The magic dart hits you!
* * * LOW HITPOINT WARNING * * *
You closely miss something. Something hits you but does no damage.
You miss something. Something hits you.
* * * LOW HITPOINT WARNING * * *
Something hits you.
* * * LOW HITPOINT WARNING * * *
You miss something. Something hits you but does no damage.
You miss something. Something hits you but does no damage.
You block something's attack.
You closely miss something. You block something's attack.
You miss something.
You hear some strange, mumbled words.
Something tries to affect you, but you resist.
Something hits you.
* * * LOW HITPOINT WARNING * * *
You miss something.
An orc wizard appears from thin air!
Reactivating autopickup.
The orc wizard points at you and mumbles some strange words.
You are confused.
You bump into the rock wall.
The orc wizard completely misses you.
You hit the orc wizard.
The orc wizard is lightly wounded.
The orc wizard hits you but does no damage.
You bump into the rock wall.
The orc wizard hits you with a +0 dagger.
You die...

........#
##.....###
......#.+
#........
......#
##......##
###+#<#
##.....).#
#.#
#........#
#.#
#.....{..#
#.#
#.###.....#
#.. #o#
...#.. #..
#@# ####..
#.. #.#
##.. #.#
#.# ... #.#
#.# ..# #.#


You could see an orc wizard.

Vanquished Creatures
  Grinder (D:3)
  A black bear (D:2)
  A bullfrog skeleton (D:4)
  7 adders
  2 worms (D:3)
  2 orcs
  11 ball pythons
  7 bats
  4 endoplasms
  5 giant cockroaches
  7 goblins
  3 hobgoblins
  3 kobolds (D:1)
  2 quokkas (D:1)
  4 rats
60 creatures vanquished.

Vanquished Creatures (others)
  4 plants (D:3)
4 creatures vanquished.

Grand Total: 64 creatures vanquished

Notes
Turn   | Place    | Note
-------+----------+-------------------------------------------
     0 | D:1      | MovingMist the Gargoyle Fighter began the quest for the
                  | Orb.
     0 | D:1      | Reached XP level 1. HP: 14/14 MP: 1/1
    92 | D:1      | Reached XP level 2. HP: 16/19 MP: 2/2
   356 | D:1      | Reached skill level 1 in Dodging
   698 | D:1      | Reached XP level 3. HP: 23/23 MP: 3/3
   731 | D:1      | Found Kineitak's Assorted Antiques.
   832 | D:1      | Found Pefaamuh's Distillery.
   845 | D:1      | Found Riamocsy's Antique Armour Emporium.
  1001 | D:1      | Found Romneuki's Jewellery Shop.
  1698 | D:2      | Reached XP level 4. HP: 19/29 MP: 4/4
  1945 | D:2      | Found a stormy altar of Qazlal.
  2591 | D:3      | Noticed a black bear
  2618 | D:2      | Killed a black bear
  2619 | D:2      | Reached XP level 5. HP: 16/33 MP: 5/5
  2858 | D:3      | Noticed Grinder
  2866 | D:3      | Paralysed by Grinder for 5 turns
  2875 | D:3      | Killed Grinder
  2876 | D:3      | Reached XP level 6. HP: 28/39 MP: 6/6
  3198 | D:3      | Found a faded altar of an unknown god.
  3372 | D:3      | Found Ezxeibb's Distillery.
  3380 | D:3      | Bought a potion of curing for 33 gold pieces
  3527 | D:4      | Reached XP level 7. HP: 29/44 MP: 7/7
  3574 | D:4      | Slain by an orc wizard

Illustrated notes

Levels and vault maps discovered:
D:1:      ebering_hopf_link, layout_loops_ring, serial_shops,
          nicolae_shop_behind_doors, shop, nicolae_shop_statue_plus, shop,
          nicolae_square_shop, serial_co_window_serial, co_window_corner_a,
          co_window_of_opportunity_a, co_window_of_opportunity_a,
          co_window_paths_a, co_window_paths_b, co_window_corner_a,
          co_window_paths_a, co_window_paths_b, co_window_corner_a,
          co_window_unsneaky_path_a, co_window_of_opportunity_b,
          co_window_2corner, glass_columns_a, glass_columns_a, glass_columns_a,
          glass_columns_a, glass_columns_c, chequers_serial_rivers_marsh,
          st_stairs_2, chequers_decorated_corner, chequers_arboretum
D:2:      layout_basic, basic_altar
D:3:      layout_rooms, serial_shops, shop,
          shapermc_ecumenical_altar_mp_urbaneastern, uniq_grinder
D:4:      layout_basic, chequers_temple_overflow_minitemple, serial_shops,
          nicolae_diamond_shop

Skill      XL: |  1  2  3  4  5 |
---------------+----------------+-----
Dodging        | 1 2 3 |  3.5
Fighting       | 4 |  4.7
Maces & Flails | 3 |  3.6
Armour         | 4 |  4.7
Shields        | |  3.2

Action                   |  1- 3 |  4- 6 |  7- 9 || total
-------------------------+-------+-------+-------++-------
Melee: Flail             |   114 |   121 |    26 ||   261
Armor: Scale mail        |    67 |    77 |    21 ||   165
Dodge: Dodged            |    42 |    53 |     2 ||    97
Block: Kite shield       |    61 |    63 |     3 ||   127

Table legend: (Time is in decaauts)
 A = Elapsed time spent in this place.
 B = Non-inter-level travel time spent in this place.
 C = Inter-level travel time spent in this place.
 D = Time resting spent in this place.
 E = Time spent auto-exploring this place.
 F = Levels seen in this place.
 G = Mean time per level.
                   A        B        C        D        E       F      G
               +--------+--------+--------+--------+--------+-----+--------+
         Total |   3709 |   3619 |     90 |    435 |   2489 |   4 |  927.2 |
       Dungeon |   3709 |   3619 |     90 |    435 |   2489 |   4 |  927.2 |
               +--------+--------+--------+--------+--------+-----+--------+

Top non-repeatable levels by time:
     D:2: 1359 daAuts
     D:1: 1245 daAuts
     D:3: 969 daAuts
     D:4: 136 daAuts
